 Dungeon Crawl Stone Soup version 0.28-a0-691-gad6df49e81 (webtiles) character file.

Game seed: 7409744893088895420

117944 demibob the Spry (level 16, 0/134 HPs)
             Began as a Demonspawn Gladiator on Oct 21, 2021.
             Was a High Priest of Wu Jian.
             Slain by a fenstrider witch (8 damage)
             ... while paralysed by a fenstrider witch
             ... on level 2 of the Swamp.
             The game lasted 01:10:38 (27517 turns).

demibob the Spry (Demonspawn Gladiator)            Turns: 27517, Time: 01:10:39

Health: 0/134      AC: 33    Str: 16    XL:     16   Next: 24%
Magic:  14/14      EV:  2    Int:  9    God:    Wu Jian [*****.]
Gold:   2390       SH:  0    Dex: 25    Spells: 15/15 levels left

rFire   . . .      SeeInvis +   a - +6 lajatang (vamp)
rCold   . . .      Faith    +   (shield currently unavailable)
rNeg    . . .      Spirit   .   t - +7 ring mail "Hiupler" {rElec Dex+2}
rPois   .          Reflect  .   (helmet restricted)
rElec   +          Harm     .   G - +0 cloak
rCorr   +          Rampage  .   k - +3 pair of gauntlets of War {Slay+5}
Will    +....                   E - +0 pair of boots {Stlth+}
Stlth   +++.......              j - amulet of faith {!P}
HPRegen 0.32/turn               R - ring of resist corrosion
MPRegen 0.14/turn               v - ring of see invisible

@: paralysed, agile, lethally poisoned (0 -> -37), very slow
A: yellow scales 2, icemail 2, powered by pain 2, condensation shield, weakness
stinger 2, horns 1, thin skeletal structure 1, low mp 1, wild magic 1
a: Renounce Religion, Wall Jump, Serpent's Lash, Heavenly Storm


You were on level 2 of the Swamp.
You worshipped Wu Jian.
Wu Jian was extremely pleased with you.
You visited 4 branches of the dungeon, and saw 25 of its levels.
You also visited: Ossuary and Gauntlet.

You collected 3740 gold pieces.
You spent 1350 gold pieces at shops.


Innate Abilities, Weirdness & Mutations

You are mostly covered in yellow scales. (AC +3)
A meltable icy envelope protects you from harm. (AC +8)
You sometimes gain power by taking damage.
A meltable shield of frost defends you. (SH +4)
You have a tail ending in a sharp stinger.
You have a pair of small horns on your head.
You have a somewhat thin skeletal structure. (Dex +2, Stealth+)
Your magical capacity is low. (-10% MP)
Your spells are a little harder to cast, but a little more powerful.


   Skills:
 + Level 14.7 Fighting
 + Level 14.6 Staves
 - Level 1.7 Throwing
 - Level 11.0 Armour
 - Level 15.0 Dodging
 - Level 6.8 Stealth


You had 15 spell levels left.
You didn't know any spells.
Your spell library contained the following spells:

 Spells                   Type           Power      Damage    Failure   Level
 Blink                    Tloc           N/A        N/A       77%         2
 Corpse Rot               Necr/Air       0%         N/A       77%         2
 Poisonous Vapours        Pois/Air       0%         N/A       77%         2
 Slow                     Hex            0%         N/A       77%         2
 Confusing Touch          Hex            0%         N/A       93%         3
 Dazzling Flash           Conj/Hex       0%         N/A       93%         3
 Frozen Ramparts          Ice            0%         1d2       93%         3
 Gell's Gravitas          Tloc           0%         N/A       93%         3
 Lesser Beckoning         Tloc           0%         N/A       93%         3
 Teleport Other           Tloc           0%         N/A       93%         3
 Ice Form                 Ice/Tmut       0%         N/A       100%        4
 Summon Ice Beast         Ice/Summ       0%         N/A       100%        4
 Summon Lightning Spire   Summ/Air       0%         N/A       100%        4
 Agony                    Necr           0%         N/A       100%        5
 Manifold Assault         Tloc           0%         N/A       100%        5
 Silence                  Hex/Air        0%         N/A       100%        5
 Yara's Violent Unravell  Hex/Tmut       0%         3d3       100%        5
 Storm Form               Tmut/Air       0%         N/A       100%        7
 Maxwell's Capacitive Co  Air            0%         ∞         100%        8
 Chain Lightning          Conj/Air       0%         N/A       100%        9
 Fire Storm               Conj/Fire      0%         5d1       100%        9
 Shatter                  Erth           0%         3d5*      100%        9

Inventory:

Hand Weapons
 a - a +6 vampiric lajatang (weapon)
 b - a +1 quarterstaff of protection
Missiles
 e - 65 poisoned darts (quivered)
 i - 13 atropa-tipped darts
Armour
 k - the +3 pair of gauntlets of War (worn) {Slay+5}
   (You acquired it on level 5 of the Dungeon)

   Slay:      It affects your accuracy & damage with ranged weapons and melee
   (+5).
 t - the +7 ring mail "Hiupler" (worn) {rElec Dex+2}
   (You bought it in a shop on level 8 of the Dungeon)

   Dex:       It affects your dexterity (+2).
   rElec:     It insulates you from electricity.
 E - a +0 pair of boots of stealth (worn)
 G - a +0 cloak (worn)
Magical Staves
 w - a staff of fire {!a}
Jewellery
 c - a ring of ice
 j - an amulet of faith (around neck) {!P}
 v - a ring of see invisible (right hand)
 x - an amulet of the acrobat
 C - a ring of protection from cold
 F - a ring of fire
 I - a +6 ring of intelligence
 R - a ring of resist corrosion (left hand)
 W - a ring of willpower
Wands
 h - a wand of digging (21)
 n - a wand of flame (70)
 A - a wand of charming (16)
 D - a wand of polymorph (15)
 J - a wand of iceblast (20)
 N - a wand of mindburst (11)
Scrolls
 l - a scroll of holy word
 q - 2 scrolls of fear
 r - 3 scrolls of fog
 u - 4 scrolls of identify {@r1}
 y - 3 scrolls of enchant armour
 z - 2 scrolls of magic mapping
 B - a scroll of brand weapon
 K - a scroll of silence {!r}
 O - 7 scrolls of teleportation {@r2}
 U - 2 scrolls of summoning
Potions
 d - 2 potions of heal wounds {@q2}
 f - 2 potions of haste {@q3}
 g - 6 potions of attraction
 m - 6 potions of curing {@q1}
 o - 4 potions of cancellation
 p - 2 potions of brilliance
 s - 3 potions of mutation
 L - a potion of resistance
 M - a potion of ambrosia
 P - 3 potions of lignification
 Q - a potion of berserk rage {!q}
 S - a potion of magic {unknown}
 T - a potion of flight {unknown}

Dungeon Overview and Level Annotations

Branches:
Dungeon (15/15)            Temple (0/1) D:7            Lair (6/6) D:8
  Swamp (2/4) Lair:4        Snake (0/4) Lair:2        Slime (0/5) Lair:6
    Orc (2/2) D:10            Elf (0/3) Orc:2        Depths (0/4) D:15
Ossuary (visited)         Gauntlet (visited)
 Vaults: D:13-14

Altars:
Elyvilon
Fedhas
Gozag
Hepliaklqana
Kikubaaqudgha
Makhleb
Nemelex Xobeh
Okawaru
Qazlal
Wu Jian
Yredelemnul
Beogh
Lugonu

Shops:
D:5 (   D:8 [   Orc:2 (:*[

Portals:
Abyss: Lair:6

Annotations:
D:4 1 runed translucent door, Crazy Yiuf
D:8 Harold
Lair:1 exclusion: hydra
Lair:2 1 runed translucent door, Pizistr Sogi's ghost, novice DsSu
Lair:3 exclusion: hydra
Lair:5 exclusion: oklob plant
Orc:2 3 runed translucent doors, HilariousDeathArtist's ghost, adept OgAr

♣♣≈...≈.......≈≈♣♣♣♣[...
♣..§..≈≈≈...≈≈).....§...
≈.≈§≈≈≈≈≈≈≈)≈≈≈≈...≈≈♣.÷
♣≈≈§≈≈≈≈≈≈≈≈≈≈≈≈.♣♣♣≈..≈
≈...^:.♣...≈≈≈≈#...#≈≈≈♣♣♣≈..÷.
≈≈≈≈≈≈...♣...≈≈≈#.###.#≈≈≈..÷.≈≈.
≈§≈§≈≈......≈≈≈≈.## ##.≈≈≈)§.≈≈≈≈
§≈≈≈≈≈≈.§..≈≈≈≈≈.# #.≈≈≈...≈≈≈≈
..$.≈≈≈.≈≈.≈≈≈≈H@## #.≈≈≈≈♣♣♣♣♣.
$..$≈≈≈.≈≈.≈≈≈≈≈#.# #.#≈≈≈≈♣♣♣♣≈.
...≈≈≈≈≈≈...≈≈≈≈≈#...#≈≈≈≈≈≈..≈≈.
...≈≈≈≈≈§≈≈≈≈≈≈≈≈ ≈≈§≈≈≈≈≈≈♣.≈.≈.
......<≈...♣≈≈≈≈≈ ≈≈≈≈≈≈≈≈≈♣.....
♣..♣♣♣..♣≈♣♣♣≈≈≈≈ ≈≈≈≈≈≈≈ ♣≈....
♣≈≈≈.♣ ♣.♣.. ≈≈≈≈♣.♣ ♣.≈≈..
♣≈...♣ ♣♣♣♣. ♣♣♣♣. ♣ ♣≈≈≈≈..
♣♣.≈≈♣ ♣♣ ♣♣ ♣≈.≈≈≈≈≈


You could see a fenstrider witch (empowered).


Message History

You hit the fenstrider witch.
You feel better.
Your headbutt misses the fenstrider witch.
The fenstrider witch is moderately wounded.
The fenstrider witch points at you and mumbles some strange words.
You block the toxic sludge.
Splash!
You fall into the toxic bog.
Moving in this stuff is going to be slow.
You hit the fenstrider witch.
You feel better.
You headbutt the fenstrider witch. You tail-slap the fenstrider witch!
The fenstrider witch is heavily wounded.
You fester in the toxic bog!
You are poisoned.
You feel very sick.
The fenstrider witch points at you and mumbles some strange words.
You suddenly lose the ability to move!
You fester in the toxic bog!
You are more poisoned.
You focus on the pain.
You feel more agile all of a sudden.
You feel extremely sick.
The fenstrider witch hits you with a +0 flail!
* * * LOW HITPOINT WARNING * * *
The fenstrider witch kicks you but does no damage.
You fester in the toxic bog!
You are lethally poisoned!
* * * LOW HITPOINT WARNING * * *
x2 You feel extremely sick.
The fenstrider witch hits you with a +0 flail!
You die...

Skill      XL: |  1  2  3  4  5  6  7  8  9 10 11 12 13 14 15 |
---------------+----------------------------------------------+-----
Staves         | 3 4 5 6 7 9 11 12 13 14 | 14.6
Dodging        | 3 6 8 12 14 15 | 15.0
Fighting       | 5 9 12 14 | 14.7
Armour         | 5 8 11 | 11.0
Stealth        | 4 6 |  6.8
Throwing       | |  1.7

Action                   |  1- 3 |  4- 6 |  7- 9 | 10-12 | 13-15 | 16-18 || total
-------------------------+-------+-------+-------+-------+-------+-------++-------
Melee: Quarterstaff      |   125 |   161 |   260 |   265 |    73 |    11 ||   895
       Headbutt          |       |    31 |    59 |   127 |   349 |    36 ||   602
       Tailslap          |       |    13 |    49 |    87 |   237 |    26 ||   412
       Lajatang          |       |       |       |   244 |  1062 |   116 ||  1422
Throw: Throwing net      |       |       |       |     2 |       |       ||     2
Invok: Lunge             |     8 |    10 |    24 |    29 |    82 |     7 ||   160
       Whirlwind         |     3 |     2 |       |    12 |    22 |     2 ||    41
       Serpent's Lash    |       |     3 |     3 |     9 |    15 |       ||    30
       Heavenly Storm    |       |       |       |     2 |     3 |     1 ||     6
 Abil: Wall Jump         |       |       |       |       |     1 |     1 ||     2
Evoke: Wand              |       |       |       |       |     8 |       ||     8
  Use: Potion            |     1 |     6 |     1 |     5 |     6 |     1 ||    20
       Scroll            |       |     8 |     9 |     4 |    13 |     1 ||    35
 Stab: Sleeping          |     2 |     3 |     8 |    16 |    32 |     6 ||    67
       Distracted        |       |       |     1 |     1 |     6 |     1 ||     9
       Held in net/web   |       |       |       |     4 |       |       ||     4
       Petrified         |       |       |       |       |     8 |       ||     8
       Petrifying        |       |       |       |       |     2 |       ||     2
Armor: Leather armour    |    46 |    33 |    20 |       |       |       ||    99
       Steam dragon scal |       |       |    68 |    66 |   168 |       ||   302
       Ring mail         |       |       |       |       |    89 |    31 ||   120
Dodge: Dodged            |    65 |    85 |   108 |   252 |   790 |   106 ||  1406
Block: Other             |     3 |    21 |    36 |    49 |   102 |    10 ||   221

Levels and vault maps discovered:
D:1:      minmay_arrival_five_plusses, layout_basic, basic_ecumenical_altar,
          serial_co_window_serial, co_window_of_opportunity_a,
          co_window_paths_b, co_window_corner_a, co_window_corner_a,
          co_window_paths_a, co_window_corner_a, co_window_corner_a,
          co_window_broadway_c, co_window_unsneaky_path_c,
          co_window_of_opportunity_b, st_stairs_6, minmay_bisected
D:2:      layout_basic, wander_ebering_terrifying_dragon_lair
D:3:      layout_rooms, mainiacjoe_overflow_catwalk_spiral,
          okawaru_altar_gauntlet_db
D:4:      layout_loops_ring, mainiacjoe_overflow_paths, uniq_crazy_yiuf_cottage
D:5:      layout_loops_corners, serial_shops, shop, uniq_sigmund
D:6:      minmay_flawed_box, layout_basic, kennysheep_cross_bottleneck,
          minmay_microvault
D:7:      layout_loops_ring, minmay_temple_entry_slanted,
          chequers_ossuary_entry_cave
D:8:      layout_gridville, mainiacjoe_overflow_boulevard, lair_entry_dummy,
          serial_shops, shop, uniq_harold, uniq_grum
D:9:      layout_long_grid, mainiacjoe_overflow_brackets
D:10:     layout_irregular_city, grunt_temple_overflow_growth_and_decay,
          grunt_gozag_breadcrumbs, kennysheep_mini_moat, hiddenorc1_lemuel
D:11:     layout_roguey, chequers_avenue
D:12:     wad_guarded_room, layout_basic, minmay_between
D:13:     layout_long_grid, grunt_vaults_entry_fortified, drop_trap,
          uniq_jorgrun, uniq_azrael
D:14:     layout_loops_corners, kennysheep_path_1
D:15:     grunt_enter_depths_giant_problem, layout_loops_cross,
          chequers_serial_rivers_micro_e
Lair:1:   layout_regular_city, gauntlet_entry_generic, grunt_megastairs_2,
          lemuel_fruit_fields
Lair:2:   layout_gridlike, guppyfry_snake_entry_island,
          hellmonk_ghost_happy_afterlife, grunt_megastairs_4,
          serial_bayou_shore_b
Lair:3:   nzn_winding_woodlands_medium [nzn_winding_woodlands_hourglass,
          nzn_winding_woodlands_5x15_parted, nzn_winding_woodlands_5x5_cross,
          nzn_winding_woodlands_5x5_closed_star,
          nzn_winding_woodlands_center_diamonds,
          nzn_winding_woodlands_5x5_three, nzn_winding_woodlands_5x5_open_star,
          nzn_winding_woodlands_5x15_zeroes,
          nzn_winding_woodlands_5x5_perimeter], layout_long_grid
Lair:4:   layout_small_grid, minmay_swamp_entry_worms, lemuel_fruit_fields,
          infiniplex_staircase_pool, uniq_snorg
Lair:5:   nzn_motion_control, layout_hall_layers, minmay_lair_oklob_bushes,
          chequers_serial_rivers_small_a, serial_bayou_lagoon_b
Lair:6:   hellmonk_lair_end_abyssal_woods, layout_cave_pods,
          nicolae_slime_entry_slimehenge, kilobyte_rumbling_trees
Swamp:1:  layout_basic_swamp, evilmike_swamp_ruin_house_5
Swamp:2:  layout_basic_swamp, nicolae_swamp_well_well_well, swamp_pool2,
          nicolae_swamp_little_tower
Orc:1:    layout_caves, basic_altar, nicolae_volcano_entry_two_sided
Orc:2:    st_orc_elflike, layout_caves, gammafunk_ghost_fury_of_okawaru,
          mines1_david

Notes
Turn   | Place    | Note
-------+----------+-------------------------------------------
     0 | D:1      | demibob the Demonspawn Gladiator began the quest for the
                  | Orb.
     0 | D:1      | Reached XP level 1. HP: 16/16 MP: 1/1
   184 | D:1      | Reached skill level 3 in Staves
   583 | D:1      | Gained mutation: You are partially covered in yellow
                  | scales. (AC +2) [demonic ancestry]
   583 | D:1      | Reached XP level 2. HP: 16/22 MP: 2/2
   761 | D:1      | Found a faded altar of an unknown god.
   770 | D:1      | Prayed at the altar of an unknown god.
   770 | D:1      | Became a worshipper of the Wu Jian Council
   770 | D:1      | Reached * piety under Wu Jian
  1391 | D:1      | Gained mutation: A meltable shield of frost defends you.
                  | (SH +4) [demonic ancestry]
  1391 | D:1      | Reached XP level 3. HP: 26/27 MP: 3/3
  1690 | D:2      | Reached skill level 4 in Staves
  2121 | D:2      | Reached XP level 4. HP: 18/33 MP: 4/4
  2272 | D:2      | Reached ** piety under Wu Jian
  2642 | D:3      | Gained mutation: You have a somewhat thin skeletal
                  | structure. (Dex +2, Stealth+) [potion of mutation]
  2642 | D:3      | Gained mutation: Your magical capacity is low. (-10% MP)
                  | [potion of mutation]
  2642 | D:3      | Gained mutation: Your spells are a little harder to cast,
                  | but a little more powerful. [potion of mutation]
  2642 | D:3      | Gained mutation: You have a pair of small horns on your
                  | head. [potion of mutation]
  2663 | D:2      | Reached skill level 5 in Staves
  2743 | D:3      | Found a hazy altar of Hepliaklqana.
  2752 | D:3      | Found a basalt altar of Yredelemnul.
  2788 | D:3      | Gained mutation: You have a small tail. [demonic ancestry]
  2788 | D:3      | Reached XP level 5. HP: 38/38 MP: 4/4
  3141 | D:3      | Found an iron altar of Okawaru.
  3369 | D:4      | Reached *** piety under Wu Jian
  3446 | D:4      | Reached skill level 6 in Staves
  3458 | D:4      | Reached XP level 6. HP: 44/44 MP: 5/5
  3509 | D:4      | Found a sparkling altar of Nemelex Xobeh.
  3644 | D:4      | Found a runed translucent door.
  3645 | D:4      | Noticed Crazy Yiuf
  4320 | D:5      | Entered Level 5 of the Dungeon
  4737 | D:5      | Noticed Sigmund
  4739 | D:5      | Identified a scroll of acquirement
  4739 | D:5      | Acquired the +3 pair of gauntlets of War {Slay+5}
  4739 | D:5      | Found the +3 pair of gauntlets of War {Slay+5}
  4762 | D:5      | Killed Sigmund
  4763 | D:5      | Reached skill level 7 in Staves
  4763 | D:5      | Gained mutation: You sometimes gain a little power by
                  | taking damage. [demonic ancestry]
  4763 | D:5      | Reached XP level 7. HP: 43/50 MP: 6/6
  4931 | D:5      | Found Kodimp's Antique Weapon Boutique.
  4996 | D:5      | Reached skill level 8 in Staves
  5807 | D:6      | Reached skill level 9 in Staves
  5807 | D:6      | Gained mutation: You sometimes gain power by taking damage.
                  | [demonic ancestry]
  5807 | D:6      | Reached XP level 8. HP: 54/56 MP: 7/7
  5945 | D:6      | Reached skill level 10 in Staves
  6342 | D:6      | Noticed a troll
  6349 | D:6      | Killed a troll
  6647 | D:7      | Found a staircase to the Ecumenical Temple.
  6673 | D:7      | Found a sand-covered staircase.
  6680 | Ossuary  | Entered an ossuary
  6712 | Ossuary  | Reached **** piety under Wu Jian
  6790 | Ossuary  | Reached skill level 11 in Staves
  6790 | Ossuary  | Reached skill level 3 in Dodging
  6794 | Ossuary  | Reached XP level 9. HP: 61/61 MP: 8/8
  7494 | D:7      | Reached ***** piety under Wu Jian
  7496 | D:7      | Reached skill level 4 in Dodging
  7639 | D:7      | Reached skill level 5 in Dodging
  8044 | D:8      | Killed an unseen horror
  8161 | D:8      | Found a staircase to the Lair.
  8185 | D:8      | Found a stormy altar of Qazlal.
  8203 | D:8      | Reached skill level 12 in Staves
  8324 | D:8      | Reached skill level 6 in Dodging
  8480 | D:8      | Noticed Harold
  8559 | D:8      | Found Nujeostrew's Armour Emporium.
  8708 | D:8      | Noticed Grum
  8759 | D:8      | Reached XP level 10. HP: 63/67 MP: 9/9
  8911 | D:8      | Killed Grum
  9415 | D:9      | Found a burning altar of Makhleb.
  9573 | D:9      | Reached skill level 7 in Dodging
  9580 | D:9      | Noticed a two-headed ogre
  9587 | D:9      | Killed a two-headed ogre
  9728 | D:10     | Entered Level 10 of the Dungeon
  9739 | D:10     | Found an opulent altar of Gozag.
  9854 | D:10     | Reached skill level 13 in Staves
 10038 | D:10     | Reached skill level 8 in Dodging
 10341 | D:10     | Noticed a manticore
 10347 | D:10     | Found an ancient bone altar of Kikubaaqudgha.
 10348 | D:10     | Found a blossoming altar of Fedhas.
 10350 | D:10     | Killed a manticore
 10759 | D:10     | Found a staircase to the Orcish Mines.
 11019 | D:11     | Noticed a seven-headed hydra
 11027 | D:11     | Gained mutation: You have a tail ending in a sharp stinger.
                  | [demonic ancestry]
 11027 | D:11     | Reached XP level 11. HP: 72/72 MP: 9/9
 11033 | D:11     | Killed a seven-headed hydra
 11199 | D:11     | Reached skill level 9 in Dodging
 11487 | D:11     | Noticed a two-headed ogre
 11494 | D:11     | Killed a two-headed ogre
 11935 | D:12     | Reached skill level 14 in Staves
 12051 | D:12     | Noticed a two-headed ogre
 12087 | D:12     | Noticed a boulder beetle
 12088 | D:12     | Noticed a five-headed hydra
 12211 | Lair:1   | Entered Level 1 of the Lair of Beasts
 12268 | Lair:1   | Reached skill level 10 in Dodging
 12342 | Lair:1   | Noticed a four-headed hydra
 12419 | Lair:1   | Found a gate leading to a gauntlet.
 12428 | Gauntlet | Entered a Gauntlet
 12428 | Gauntlet | Found a transporter.
 12428 | Gauntlet | Found a transporter.
 12447 | Gauntlet | Found a transporter.
 12450 | Gauntlet | Found a transporter.
 12458 | Gauntlet | Found a transporter.
 12462 | Gauntlet | Found a transporter.
 12464 | Gauntlet | Noticed a wizard
 12468 | Gauntlet | Identified a +0 robe of the Archmagi
 12468 | Gauntlet | Noticed a wizard
 12473 | Gauntlet | Found a transporter.
 12486 | Gauntlet | Found a transporter.
 12486 | Gauntlet | Noticed a reaper
 12500 | Gauntlet | Found a transporter.
 12504 | Gauntlet | Found a transporter.
 12512 | Gauntlet | Found a transporter.
 12516 | Gauntlet | Found a transporter.
 12574 | Gauntlet | Noticed a harpy
 12574 | Gauntlet | a tarantella changed into a harpy
 12576 | Gauntlet | a harpy changed into a tarantella
 12634 | Gauntlet | Noticed a satyr
 12636 | Gauntlet | Noticed a swamp dragon
 12651 | Gauntlet | a swamp dragon changed into a dream sheep
 12676 | Gauntlet | a satyr changed into a tyrant leech
 12683 | Gauntlet | Noticed a seven-headed hydra
 12683 | Gauntlet | a tyrant leech changed into a seven-headed hydra
 12717 | Gauntlet | Identified the -2 cloak "Kotysal" {rF- rN+ Will++}
 12729 | Gauntlet | Noticed a fire crab
 12733 | Gauntlet | Noticed a great orb of eyes
 12742 | Gauntlet | a fire crab changed into a meliai
 12745 | Gauntlet | Noticed a deep troll
 12745 | Gauntlet | a moth of wrath changed into a deep troll
 12904 | Gauntlet | Noticed a minotaur
 12919 | Gauntlet | Killed a minotaur
 12990 | Lair:1   | Reached skill level 11 in Dodging
 13448 | Lair:2   | Reached skill level 12 in Dodging
 13448 | Lair:2   | Reached XP level 12. HP: 68/78 MP: 10/10
 13508 | Lair:2   | Noticed a death yak
 13531 | Lair:2   | Killed a death yak
 13534 | Lair:2   | Noticed a death yak
 13534 | Lair:2   | Noticed a death yak
 13552 | Lair:2   | Killed a death yak
 13564 | Lair:2   | Noticed a death yak
 13564 | Lair:2   | Noticed a death yak
 13564 | Lair:2   | Noticed a death yak
 13564 | Lair:2   | Noticed a death yak
 13564 | Lair:2   | Noticed a death yak
 13564 | Lair:2   | Noticed a death yak
 13574 | Lair:2   | Killed a death yak
 13579 | Lair:2   | Killed a death yak
 13586 | Lair:2   | Killed a death yak
 13587 | Lair:2   | Reached skill level 13 in Dodging
 13590 | Lair:2   | Killed a death yak
 13597 | Lair:2   | Killed a death yak
 13600 | Lair:2   | Killed a death yak
 13603 | Lair:2   | Killed a death yak
 13680 | Lair:2   | Reached skill level 3 in Fighting
 13752 | Lair:2   | Reached skill level 14 in Dodging
 13787 | Lair:2   | Found a staircase to the Snake Pit.
 13818 | Lair:2   | Found a runed translucent door.
 13863 | Lair:2   | Noticed Pizistr Sogi's ghost (novice DsSu)
 14097 | Lair:2   | Reached skill level 4 in Fighting
 14527 | Lair:3   | Reached skill level 5 in Fighting
 14761 | Lair:3   | Noticed a seven-headed hydra
 14786 | Lair:3   | Reached XP level 13. HP: 92/92 MP: 11/11
 15140 | Lair:3   | Reached skill level 6 in Fighting
 15490 | Lair:4   | Noticed Snorg
 15500 | Lair:4   | Killed Snorg
 15533 | Lair:4   | Reached skill level 7 in Fighting
 15533 | Lair:4   | Reached skill level 15 in Dodging
 15695 | Lair:4   | Reached skill level 1 in Armour
 15774 | Lair:4   | Reached skill level 2 in Armour
 15775 | Lair:4   | Found a staircase to the Swamp.
 16437 | Lair:5   | Reached skill level 8 in Fighting
 16439 | Lair:5   | Reached ****** piety under Wu Jian
 16446 | Lair:5   | Reached skill level 3 in Armour
 16539 | Lair:5   | Reached skill level 4 in Armour
 16760 | Lair:5   | Reached skill level 9 in Fighting
 16876 | Lair:5   | Reached skill level 5 in Armour
 17624 | Lair:5   | Identified the +5 scale mail of Eternity {+Blink Fly rF+
                  | Dex-5}
 17679 | Lair:6   | Entered Level 6 of the Lair of Beasts
 17775 | Lair:6   | Gained mutation: A meltable icy envelope protects you from
                  | harm. (AC +8) [demonic ancestry]
 17775 | Lair:6   | Reached XP level 14. HP: 83/109 MP: 12/12
 17974 | Lair:6   | Reached skill level 6 in Armour
 18013 | Lair:6   | Reached skill level 10 in Fighting
 18024 | Lair:6   | Found a staircase to the Slime Pits.
 18534 | Lair:6   | Reached skill level 7 in Armour
 18826 | Lair:6   | Reached skill level 11 in Fighting
 19060 | Lair:6   | Reached skill level 1 in Stealth
 19267 | Lair:6   | Reached skill level 2 in Stealth
 19294 | Lair:6   | Reached skill level 8 in Armour
 19382 | Lair:6   | Reached skill level 3 in Stealth
 19796 | Lair:6   | Found a corrupted altar of Lugonu.
 19796 | Lair:6   | Found a one-way gate to the infinite horrors of the Abyss.
 19800 | Lair:6   | Identified the +5 quarterstaff "Penosit" {flame, Str+3
                  | Dex+2}
 19995 | Lair:6   | Identified a potion of resistance
 20277 | D:12     | Acquired 1119 gold pieces
 20290 | D:12     | Reached skill level 4 in Stealth
 20491 | D:12     | Reached skill level 12 in Fighting
 20548 | D:12     | Gained mutation: A meltable icy envelope protects you from
                  | harm. (AC +8) [demonic ancestry]
 20548 | D:12     | Reached XP level 15. HP: 85/120 MP: 13/13
 20552 | D:12     | Reached skill level 9 in Armour
 20553 | D:12     | Reached skill level 5 in Stealth
 20913 | Orc:1    | Entered Level 1 of the Orcish Mines
 20916 | Orc:1    | Found a dark tunnel.
 21305 | Orc:2    | Entered Level 2 of the Orcish Mines
 21327 | Orc:2    | Found a staircase to the Elven Halls.
 21631 | Orc:2    | Found a runed translucent gate.
 21631 | Orc:2    | Found a runed translucent gate.
 21631 | Orc:2    | Found a runed translucent gate.
 21636 | Orc:2    | Noticed HilariousDeathArtist's ghost (adept OgAr)
 21749 | Orc:2    | Found Kyps's Antique Armour Shop.
 21754 | Orc:2    | Paralysed by an orc sorcerer for 2 turns
 22202 | Orc:2    | Found Dicke's Assorted Antiques.
 22226 | Orc:2    | Found Yggoegh's Book Emporium.
 22234 | Orc:2    | Found Tucoenes's Weapon Shop.
 22407 | Orc:2    | Paralysed by an orc sorcerer for 7 turns
 22426 | Orc:2    | Reached skill level 6 in Stealth
 22792 | Orc:2    | Found an iron altar of Okawaru.
 22958 | D:8      | Bought the +7 ring mail "Hiupler" {rElec Dex+2} for 858
                  | gold pieces
 23100 | Orc:2    | Bought a potion of heal wounds for 145 gold pieces
 23100 | Orc:2    | Bought a potion of heal wounds for 145 gold pieces
 23100 | Orc:2    | Bought a scroll of fear for 101 gold pieces
 23100 | Orc:2    | Bought a scroll of magic mapping for 101 gold pieces
 23374 | D:13     | Noticed Jorgrun
 23379 | D:13     | Killed Jorgrun
 23386 | D:13     | Noticed Azrael
 23392 | D:13     | Killed Azrael
 23615 | D:13     | Reached skill level 10 in Armour
 24083 | D:13     | Reached skill level 13 in Fighting
 25048 | D:15     | Entered Level 15 of the Dungeon
 25349 | D:15     | Found a staircase to the Depths.
 26104 | D:15     | Reached skill level 11 in Armour
 26419 | Swamp:1  | Entered Level 1 of the Swamp
 26451 | Swamp:1  | Reached skill level 14 in Fighting
 26546 | Swamp:1  | Gained mutation: You are mostly covered in yellow scales.
                  | (AC +3) [demonic ancestry]
 26546 | Swamp:1  | Reached XP level 16. HP: 131/133 MP: 14/14
 27515 | Swamp:2  | Paralysed by a fenstrider witch for 2 turns
 27517 | Swamp:2  | HP: 8/134 [poison]
 27517 | Swamp:2  | Slain by a fenstrider witch

Vanquished Creatures
  Jorgrun (D:13)
  A stone giant (D:15)
  2 bunyips (Swamp:1)
  Azrael (D:13)
  A minotaur (Gauntlet)
  Snorg (Lair:4)
  2 vault guards (D:13)
  15 hydras
  4 boulder beetles (D:12)
  2 ogre magi
  6 catoblepae
  6 two-headed ogres
  3 centaur warriors
  3 alligators (Swamp:1)
  13 death yaks
  A tengu warrior (D:13)
  3 orc high priests (Orc:2)
  5 spriggans
  3 thrashing horrors (Lair:6)
  A fire crab (Lair:6)
  A deep elf knight (D:13)
  4 skeletal warriors (D:15)
  2 spriggan druids
  2 goliath frogs (Swamp:2)
  A deep elf archer (D:13)
  3 lindwurms
  A swamp dragon (Swamp:2)
  2 large abominations (Lair:6)
  3 bog bodies
  4 orc knights (Orc:2)
  A deep elf pyromancer (D:15)
  5 orc sorcerers
  An orb spider (shapeshifter) (Lair:6)
  6 manticores
  A will-o-the-wisp (Swamp:1)
  3 ugly things
  5 cyclopes
  13 elephants
  3 black mambas
  3 smoke demons (Lair:6)
  A torpor snail (Lair:6)
  11 cane toads
  2 gargoyles
  An unseen horror (shapeshifter) (D:8)
  13 komodo dragons
  3 rime drakes
  An unseen horror (D:12)
  3 ancient zymes (Lair:6)
  3 tengu conjurers
  A jumping spider (shapeshifter) (D:12)
  7 trolls
  2 polar bears (Lair:6)
  6 hornets
  8 tyrant leeches
  A raiju (shapeshifter) (Lair:6)
  27 blink frogs
  10 dream sheep (Lair:6)
  6 slime creatures (D:12)
  6 redbacks (D:15)
  Sigmund (D:5)
  36 yaks
  2 shadows
  6 wraiths
  A vampire (D:11)
  3 wyverns
  Grum (D:8)
  9 basilisks
  3 fire elementals (D:13)
  4 steam dragons
  10 vampire mosquitoes
  7 swamp worms
  2 wargs (Orc:1)
  A naga (Lair:2)
  An acid dragon (D:9)
  2 acid dragons (shapeshifter) (Lair:6)
  4 hell hounds (D:13)
  23 water moccasins
  A swamp drake (Swamp:2)
  15 orc warriors
  An ice beast (D:7)
  2 black bears
  15 wolves
  7 ogres
  11 small abominations (Lair:6)
  14 centaurs
  4 boggarts (Lair:6)
  2 phantoms
  An elf zombie (Ossuary)
  18 bullfrogs
  3 scorpions (D:5)
  A wyvern zombie (D:9)
  A wyvern skeleton (D:6)
  A scorpion (shapeshifter) (D:15)
  6 killer bees (D:7)
  5 electric eels
  7 howler monkeys
  3 centaur zombies
  3 hounds
  4 human zombies (Ossuary)
  4 jellies (Lair:6)
  2 gnoll shamans
  12 orc priests
  A centaur skeleton (D:5)
  An iguana (D:5)
  23 orc wizards
  A killer bee zombie (D:7)
  2 mummies (Ossuary)
  2 howler monkey zombies
  19 gnolls
  5 adders
  2 ufetubi
  An adder zombie (Ossuary)
  An adder skeleton (D:4)
  A worm (D:2)
  4 dart slugs
  63 orcs
  10 endoplasms
  3 giant cockroaches
  7 goblins
  4 hobgoblins
  5 quokkas
  2 ball pythons
  6 bats
  7 frilled lizards
  12 hobgoblin zombies (Ossuary)
  3 jackal zombies (Ossuary)
  7 kobolds
  9 kobold zombies (Ossuary)
  6 orc zombies (Ossuary)
  5 rats (D:1)
721 creatures vanquished.

Vanquished Creatures (others)
  3 bloated husks (Swamp:2)
  A swamp drake (Swamp:2)
  An endoplasm (Lair:6)
  2 foxfires (Swamp:1)
  27 fungi
  34 plants
68 creatures vanquished.

Grand Total: 789 creatures vanquished

Table legend: (Time is in decaauts)
 A = Elapsed time spent in this place.
 B = Non-inter-level travel time spent in this place.
 C = Inter-level travel time spent in this place.
 D = Time resting spent in this place.
 E = Time spent auto-exploring this place.
 F = Levels seen in this place.
 G = Mean time per level.
                   A        B        C        D        E       F      G
               +--------+--------+--------+--------+--------+-----+--------+
         Total |  27047 |  25344 |   1703 |   4360 |  15709 |  27 | 1001.7 |
       Dungeon |  15746 |  14710 |   1036 |   2065 |  10186 |  15 | 1049.7 |
          Lair |   7264 |   6796 |    468 |   1106 |   3974 |   6 | 1210.7 |
         Swamp |   1109 |   1076 |     33 |    225 |    472 |   2 |  554.5 |
  Orcish Mines |   2053 |   1889 |    164 |    633 |    922 |   2 | 1026.5 |
       Ossuary |    400 |    400 |      0 |    200 |     56 |   1 |  400.0 |
      Gauntlet |    474 |    474 |      0 |    131 |     99 |   1 |  474.0 |
               +--------+--------+--------+--------+--------+-----+--------+

Top non-repeatable levels by time:
  Lair:6: 2198 daAuts
   Orc:2: 1637 daAuts
     D:1: 1618 daAuts
     D:5: 1470 daAuts
  Lair:5: 1409 daAuts
    D:10: 1273 daAuts
     D:8: 1264 daAuts
    D:14: 1205 daAuts
  Lair:3: 1144 daAuts
     D:2: 1079 daAuts
    D:11: 1077 daAuts
     D:4: 1043 daAuts
    D:12: 980 daAuts
  Lair:2: 931 daAuts
     D:7: 895 daAuts

Table legend:
 A = Non-vault XP
 B = Vault XP
 C = Vault XP percentage of total XP
 D = Non-vault monster count
 E = Vault monster count
 F = Vault count percentage of total count
                 A         B        C        D         E       F
            +---------+---------+-------+---------+---------+-------
      Total |  114007 |   54485 |  32.3 |     507 |     216 |  29.9
            +---------+---------+-------+---------+---------+-------
        D:1 |      38 |       3 |   7.3 |      23 |       2 |   8.0
        D:2 |      97 |       1 |   1.0 |      16 |       1 |   5.9
        D:3 |     114 |      27 |  19.1 |      21 |       6 |  22.2
        D:4 |     150 |       0 |   0.0 |      14 |       0 |   0.0
        D:5 |     474 |     220 |  31.7 |      15 |       1 |   6.2
        D:6 |    1131 |     361 |  24.2 |      12 |       5 |  29.4
        D:7 |    1194 |     111 |   8.5 |      14 |       1 |   6.7
        D:8 |    1416 |     547 |  27.9 |      26 |       4 |  13.3
        D:9 |    1573 |       0 |   0.0 |       6 |       0 |   0.0
       D:10 |    2386 |     217 |   8.3 |      20 |      17 |  45.9
       D:11 |    3525 |       0 |   0.0 |      11 |       0 |   0.0
       D:12 |    3282 |   11602 |  77.9 |      12 |      22 |  64.7
       D:13 |    4023 |    7602 |  65.4 |      17 |      14 |  45.2
       D:14 |    6362 |       0 |   0.0 |      18 |       0 |   0.0
       D:15 |   12166 |    1040 |   7.9 |      26 |       1 |   3.7
     Lair:1 |    2961 |     361 |  10.9 |      15 |       1 |   6.2
     Lair:2 |   10624 |    3164 |  22.9 |      35 |       6 |  14.6
     Lair:3 |    5204 |    2739 |  34.5 |      28 |       9 |  24.3
     Lair:4 |    7005 |    1673 |  19.3 |      23 |       4 |  14.8
     Lair:5 |    9508 |    2699 |  22.1 |      28 |       4 |  12.5
     Lair:6 |   18201 |   12230 |  40.2 |      48 |      51 |  51.5
    Swamp:1 |   13104 |       0 |   0.0 |      24 |       0 |   0.0
    Swamp:2 |    7221 |       0 |   0.0 |      21 |       0 |   0.0
      Orc:1 |    1502 |       0 |   0.0 |      16 |       0 |   0.0
      Orc:2 |     746 |    8051 |  91.5 |      18 |      24 |  57.1
    Ossuary |       0 |     375 | 100.0 |       0 |      39 | 100.0
   Gauntlet |       0 |    1462 | 100.0 |       0 |       4 | 100.0
            +---------+---------+-------+---------+---------+-------
